 Dungeon Crawl Stone Soup version 0.21.0 (webtiles) character file.

1425 Timinator the Insei (level 8, -7/61 HPs)
             Began as a Vampire Transmuter on Jan 8, 2018.
             Was a Believer of Kikubaaqudgha.
             Mangled by a gnoll sergeant
             ... wielding a +0 trident
              (12 damage)
             ... on level 3 of the Dungeon.
             The game lasted 01:03:50 (5402 turns).

Timinator the Insei (Vampire Transmuter)            Turns: 5402, Time: 01:03:51

Health: -7/61      AC:  2    Str:  9    XL:     8   Next: 44%
Magic:  12/14      EV: 16    Int: 16    God:    Kikubaaqudgha [**....]
Gold:   350        SH:  0    Dex: 18    Spells: 5/15 levels left

rFire    . . .     SeeInvis +     - Unarmed
rCold    . . .     Gourm    .   (no shield)
rNeg     + . .     Faith    .   s - +0 robe
rPois    .         Spirit   .   (no helmet)
rElec    .         Reflect  .   (no cloak)
rCorr    .         Harm     .   (no gloves)
MR       .....                  (boots currently unavailable)
Stlth    +.........             (no amulet)
HPRegen  0.20/turn              b - +2 ring of dexterity
MPRegen  0.14/turn              (no ring)

@: appendage (expiring), contaminated, glowing
A: fangs 3, talons 3, see invisible, unbreathing
a: Bat Form, End Transformation, Receive Corpses, Renounce Religion


You were on level 3 of the Dungeon.
You worshipped Kikubaaqudgha.
Kikubaaqudgha was pleased with you.
You were not thirsty.
You had grown temporary talons.
You visited 1 branch of the dungeon, and saw 6 of its levels.

You collected 350 gold pieces.

Inventory:

Missiles
 a - 66 arrows
Armour
 s - a +0 robe (worn)
Jewellery
 b - a +2 ring of dexterity (left hand)
Scrolls
 e - 3 scrolls of enchant armour {unknown}
 g - 3 scrolls of fear {unknown}
 h - 3 scrolls of amnesia {unknown}
 i - 3 scrolls of remove curse
 k - a scroll of teleportation {unknown}
 o - a scroll of enchant weapon {unknown}
 q - a scroll of noise {unknown}
Potions
 d - 6 potions of blood
 f - 2 potions of curing
 m - 3 potions of flight
Books
 c - a book of Changes

   Spells                             Type                      Level
   a - Beastly Appendage              Transmutation                1
   b - Sticks to Snakes               Transmutation                2
   c - Spider Form                    Transmutation/Poison         3
   d - Ice Form                       Ice/Transmutation            4
   e - Blade Hands                    Transmutation                5
 n - Kikubaaqudgha's Reference Book on Unholy Arts
   (Kikubaaqudgha gifted it to you on level 3 of the Dungeon)

   Spells                             Type                      Level
   a - Pain                           Necromancy                   1
   b - Corpse Rot                     Necromancy                   2
   c - Sublimation of Blood           Necromancy                   2
   d - Regeneration                   Charms/Necromancy            3


   Skills:
 + Level 4.5 Fighting
 + Level 5.4 Dodging
 * Level 6.3 Unarmed Combat
 + Level 4.0 Spellcasting
 * Level 5.5 Transmutations


You had 5 spell levels left.
You knew the following spells:

 Your Spells              Type           Power        Failure   Level  Hunger
a - Beastly Appendage     Tmut           ###...       1%          1    None
b - Blade Hands           Tmut           ###.......   43%         5    ######.
c - Ice Form              Ice/Tmut       ##......     47%         4    ####...


Dungeon Overview and Level Annotations

Branches:
Dungeon (6/15)
 Temple: D:4-7

Altars:
Hepliaklqana
Kikubaaqudgha
The Shining One


Innate Abilities, Weirdness & Mutations

You have razor-sharp teeth.
You have supernaturally acute eyesight. (SInv)
You can survive without breathing.
You have claws for feet.


Message History

You miscast Blade Hands.
You are very lightly contaminated with residual magic.
You are contaminated with residual magic.
The gnoll sergeant hits you with a trident.
You barely miss the gnoll sergeant.
The gnoll sergeant is moderately wounded.
The gnoll sergeant hits you with a trident.
The gnoll sergeant hits you from afar with a trident!
* * * LOW HITPOINT WARNING * * *
There is a stone staircase leading down here.
Your transformation is almost over.
The gnoll sergeant barely misses you.
As you read the scroll labeled ELUOZO ECZICHU, it crumbles to dust.
You feel blessed for a moment.
It was a scroll of remove curse.
The gnoll sergeant hits you with a trident!
* * * LOW HITPOINT WARNING * * *
Unknown command.
The gnoll sergeant hits you from afar with a trident!
You die...
Kikubaaqudgha rasps: "You have failed me!
Welcome... oblivion!"

#....g...†.....#
#.############.# #.# #.# #######
#.# #.### #.....# ######'#####
#####'#.. #.....#
#..........####........ #.....#
#..........#...........
##.....###..........#...........
#..............@....+...........
#..)................#...........
#..)..........g.....#...........
#...................#...........
#...................#......(....
#...>...........................
#...[.................#.........
#.............).......#.........
####..................##.......)


You could see a gnoll sergeant.

Vanquished Creatures
  Eustachio (D:5)
  Edmund (D:6)
  A hornet zombie (D:5)
  A phantom (D:5)
  An ogre (D:5)
  A centaur (D:5)
  3 scorpions
  2 crimson imps
  A centaur zombie (D:5)
  3 hounds
  An iguana (D:4)
  A bullfrog skeleton (D:5)
  2 worker ants (D:4)
  Natasha (thrice) (D:4)
  2 orc wizards (D:4)
  A howler monkey zombie (D:6)
  5 gnolls
  6 adders
  An ooze (D:2)
  2 adder skeletons (D:4)
  4 worms (D:2)
  A dart slug (D:1)
  7 leopard geckos
  8 orcs
  A ball python (D:1)
  7 bats
  2 giant cockroaches
  18 goblins
  14 hobgoblins
  6 jackals
  3 quokkas
  11 frilled lizards
  11 kobolds
  A leopard gecko skeleton (D:4)
  2 leopard gecko zombies (D:5)
  A quokka skeleton (D:4)
  5 rats
141 creatures vanquished.

Notes
Turn   | Place    | Note
-------+----------+-------------------------------------------
     0 | D:1      | Timinator the Vampire Transmuter began the quest for the Orb.
     0 | D:1      | Reached XP level 1. HP: 14/14 MP: 3/3
    14 | D:1      | Reached skill level 1 in Fighting
    57 | D:1      | Reached XP level 2. HP: 11/22 MP: 3/5
   220 | D:1      | Reached XP level 3. HP: 8/28 MP: 6/6
   797 | D:2      | Reached XP level 4. HP: 33/34 MP: 5/7
  1281 | D:2      | Reached skill level 4 in Unarmed Combat
  1675 | D:2      | Found a glowing golden altar of the Shining One.
  1675 | D:2      | Found an ancient bone altar of Kikubaaqudgha.
  1678 | D:2      | Became a worshipper of Kikubaaqudgha
  1770 | D:3      | Noticed a gnoll sergeant
  2046 | D:1      | Reached XP level 5. HP: 32/39 MP: 7/9
  2547 | D:3      | Reached * piety under Kikubaaqudgha
  2547 | D:3      | Identified Kikubaaqudgha's Reference Book on Unholy Arts (Kikubaaqudgha gifted it to you on level 3 of the Dungeon)
  2547 | D:3      | Received a gift from Kikubaaqudgha
  3170 | D:4      | Reached XP level 6. HP: 36/47 MP: 8/10
  3399 | D:4      | Noticed Natasha
  3424 | D:4      | Killed Natasha
  3498 | D:4      | Noticed a two-headed ogre
  3576 | D:4      | Noticed Natasha
  3595 | D:4      | Killed Natasha
  3725 | D:4      | Noticed Natasha
  3732 | D:4      | Killed Natasha
  3742 | D:4      | Learned a level 5 spell: Blade Hands
  3747 | D:4      | Learned a level 4 spell: Ice Form
  3923 | D:4      | Found a hazy altar of Hepliaklqana.
  4198 | D:5      | Entered Level 5 of the Dungeon
  4202 | D:5      | Reached ** piety under Kikubaaqudgha
  4362 | D:4      | Reached XP level 7. HP: 27/52 MP: 11/11
  4445 | D:5      | Reached skill level 5 in Unarmed Combat
  4476 | D:5      | Noticed Eustachio
  4568 | D:5      | Killed Eustachio
  4796 | D:5      | Reached skill level 5 in Dodging
  4842 | D:5      | Reached XP level 8. HP: 47/60 MP: 11/13
  4863 | D:5      | Reached skill level 5 in Transmutations
  5103 | D:5      | Reached skill level 6 in Unarmed Combat
  5224 | D:6      | Noticed Edmund
  5249 | D:6      | Killed Edmund
  5402 | D:3      | Mangled by a gnoll sergeant

Skill      XL: |  1  2  3  4  5  6  7  8 |
---------------+-------------------------+-----
Fighting       | 2 3 4 |  4.5
Dodging        | 3 4 5 |  5.4
Unarmed Combat | 4 5 6 |  6.3
Spellcasting   | 3 4 |  4.0
Transmutations | 3 4 5 |  5.5

Action                   |  1- 3 |  4- 6 |  7- 9 || total
-------------------------+-------+-------+-------++-------
Melee: Unarmed           |   148 |   358 |   166 ||   672
       Bite              |    14 |    34 |    16 ||    64
       Headbutt          |     4 |    17 |    11 ||    32
       Kick              |     1 |    25 |    10 ||    36
       Punch             |     1 |     7 |     5 ||    13
 Cast: Beastly Appendage |     8 |    31 |    10 ||    49
       Blade Hands       |       |       |     3 ||     3
 Abil: Bat Form          |       |     1 |       ||     1
  Use: Potion            |       |     7 |     8 ||    15
       Scroll            |       |     6 |     7 ||    13
 Stab: Sleeping          |     1 |     2 |     1 ||     4
  Eat: Corpse            |     8 |    12 |     2 ||    22
Armor: Robe              |    25 |    24 |    11 ||    60
       Skin              |       |       |    73 ||    73
Dodge: Dodged            |   121 |   218 |   102 ||   441
